 Dungeon Crawl Stone Soup version 0.23-a0-577-g2b1de94 (webtiles) character file.

174 Inarius the Chopper (level 5, 0/36 HPs)
             Began as a Human Chaos Knight on Dec 15, 2018.
             Was a Plaything of Xom.
             Slain by a leopard gecko (4 damage)
             ... on level 3 of the Dungeon.
             The game lasted 00:04:52 (3686 turns).

Inarius the Chopper (Human Chaos Knight)            Turns: 3686, Time: 00:04:53

Health: 0/36       AC:  6    Str: 13    XL:     5   Next: 84%
Magic:  5/5        EV:  3    Int: 12    God:    Xom [*.....]
Gold:   239        SH:  7    Dex: 11    Spells: 4/4 levels left

rFire    . . .     SeeInvis .   a - +0 hand axe (chaos)
rCold    . . .     Gourm    .   j - +0 shield
rNeg     . . .     Faith    .   l - +0 chain mail
rPois    +         Spirit   .   d - +0 helmet
rElec    .         Reflect  .   (no cloak)
rCorr    .         Harm     .   (no gloves)
MR       .....                  (no boots)
Stlth    ..........             (no amulet)
HPRegen  0.12/turn              (no ring)
MPRegen  0.09/turn              (no ring)

@: no status effects
A: clumsy 1, deformed body, frail 1, poison resistance
a: Renounce Religion


You were on level 3 of the Dungeon.
You worshipped Xom.
You were a special plaything of Xom.
You were near starving.

You visited 1 branch of the dungeon, and saw 4 of its levels.

You collected 239 gold pieces.

Inventory:

Hand Weapons
 a - a +0 hand axe of chaos (weapon)
Armour
 d - a +0 helmet (worn)
 j - a +0 shield (worn)
 l - a +0 chain mail (worn)
Scrolls
 b - a scroll of fog
 h - 2 scrolls of teleportation
 i - 4 scrolls of remove curse
 m - a scroll of fear
Potions
 f - a potion of flight {unknown}
 g - a potion of heal wounds
 k - a potion of invisibility {unknown}
 n - a potion of agility {unknown}
 o - 2 potions of degeneration
 p - a potion of ambrosia
 q - a potion of curing
 r - 2 potions of magic
Comestibles
 c - 6 rations


   Skills:
 + Level 3.5 Fighting
 * Level 4.7 Axes
 + Level 2.7 Armour
 + Level 2.1 Dodging
 + Level 0.2 Stealth
 + Level 0.9 Shields


You had 4 spell levels left.
You didn't know any spells.
Your spell library was empty.

Dungeon Overview and Level Annotations

Branches:
Dungeon (4/15)
 Temple: D:4-7

Altars:
Vehumet


Innate Abilities, Weirdness & Mutations

You are clumsy. (Dex -2)
Armour fits poorly on your strangely shaped body.
You are frail. (-10% HP)
Your system is resistant to poisons. (rPois)


Message History

Lightning courses through the worker ant!
You kill the worker ant!
Your shield and chain mail prevent you from hitting something.
Something bites you.
* * * LOW HITPOINT WARNING * * *
Something bites you.
* * * LOW HITPOINT WARNING * * *
You see here a worker ant corpse.
You butcher the worker ant corpse.
Something bites you but does no damage. x2
You see here a chunk of flesh.
You miss something. Something bites you but does no damage.
You miss something. You block something's attack. Something bites you.
* * * LOW HITPOINT WARNING * * *
Your shield and chain mail prevent you from hitting something.
Something bites you but does no damage.
You closely miss something. Something bites you.
* * * LOW HITPOINT WARNING * * *
You miss something. You block something's attack. Something bites you.
You die... "This toy is broken."

..........########
.................#
..........######.#
..........# #.#
..........######.#
...............#.#
##############.#.#
#.#.# #.#@# #.#{#
##############.#%##
.................>#
######...>.......##
.....'...........#
...###...........#
...# #...........#
...# #...........#


There were no monsters in sight!

Vanquished Creatures
  A worker ant (D:3)
  8 adders
  2 worms (D:3)
  4 dart slugs
  A leopard gecko (D:2)
  2 orcs
  A ball python (D:3)
  2 giant cockroaches
  9 goblins
  6 hobgoblins
  A quokka (D:3)
  8 bats
  5 frilled lizards
  8 kobolds
  6 rats
64 creatures vanquished.

Notes
Turn   | Place    | Note
-------+----------+-------------------------------------------
     0 | D:1      | Inarius the Human Chaos Knight began the quest for the Orb.
     0 | D:1      | Reached XP level 1. HP: 18/18 MP: 1/1
   161 | D:1      | Reached XP level 2. HP: 24/24 MP: 2/2
   246 | D:1      | Reached XP level 3. HP: 25/29 MP: 3/3
  1081 | D:2      | Reached XP level 4. HP: 27/35 MP: 4/4
  1164 | D:2      | Found a radiant altar of Vehumet.
  1166 | D:2      | XOM: mild Air miscast
  1211 | D:2      | XOM: medium Ice miscast
  1426 | D:2      | Reached skill level 4 in Axes
  1719 | D:2      | XOM: scenery: 1 doors open
  1981 | D:2      | XOM: mild Hex miscast
  2273 | D:3      | XOM: noise
  2304 | D:3      | Reached XP level 5. HP: 24/41 MP: 5/5
  3347 | D:4      | XOM: butterfly on damage
  3349 | D:4      | XOM: give mutations
  3349 | D:4      | Gained mutation: Armour fits poorly on your strangely
                  | shaped body. [Xom's mischief]
  3349 | D:4      | Gained mutation: You are frail. (-10% HP) [Xom's mischief]
  3349 | D:4      | Gained mutation: Your system is resistant to poisons.
                  | (rPois) [Xom's mischief]
  3349 | D:4      | Gained mutation: You are clumsy. (Dex -2) [Xom's mischief]
  3686 | D:3      | Slain by a leopard gecko

Vault maps used:
D:1:      eino_arrival_water_cross, minmay_pentomino_q4
D:2:      old_standard_altar
D:3:      first_ration
D:4:      gup_sewer_entry_spiral, guppyfry_shop_venom

Skill      XL: |  1  2  3  4 |
---------------+-------------+-----
Axes           | 4 |  4.7
Dodging        | 2 |  2.1
Fighting       | |  3.5
Armour         | |  2.7
Stealth        | |  0.2
Shields        | |  0.9

Action                   |  1- 3 |  4- 6 || total
-------------------------+-------+-------++-------
Melee: Hand axe          |   110 |   130 ||   240
  Use: Potion            |     2 |       ||     2
       Scroll            |       |     8 ||     8
 Stab: Confused          |     1 |       ||     1
  Eat: Chunk             |       |     7 ||     7
Armor: Leather armour    |    55 |    13 ||    68
       Chain mail        |       |    56 ||    56
Dodge: Dodged            |    68 |    30 ||    98
Block: Shield            |     9 |    52 ||    61

Table legend:
 A = Non-vault XP
 B = Vault XP
 C = Vault XP percentage of total XP
 D = Non-vault monster count
 E = Vault monster count
 F = Vault count percentage of total count
                 A         B        C        D         E       F
            +---------+---------+-------+---------+---------+-------
      Total |     241 |       8 |   3.2 |      61 |       3 |   4.7
            +---------+---------+-------+---------+---------+-------
        D:1 |      48 |       8 |  14.3 |      26 |       3 |  10.3
        D:2 |      73 |       0 |   0.0 |      16 |       0 |   0.0
        D:3 |     120 |       0 |   0.0 |      19 |       0 |   0.0
            +---------+---------+-------+---------+---------+-------
